 Dungeon Crawl Stone Soup version 0.28-a0-704-g4d584c6bc1 (webtiles) character file.

Game seed: 17135251070043464916

109 dkjbcfkj the Vexing (level 4, -1/21 HPs)
             Began as a Spriggan Enchanter on Oct 24, 2021.
             Slain by an orc (8 damage)
             ... on level 3 of the Dungeon.
             The game lasted 00:05:31 (2584 turns).

dkjbcfkj the Vexing (Spriggan Enchanter)            Turns: 2584, Time: 00:05:32

Health: -1/21      AC:  3    Str:  5    XL:     4   Next: 60%
Magic:  0/11       EV: 17    Int: 16    God:
Gold:   101        SH:  0    Dex: 15    Spells: 4/12 levels left

rFire   . . .      SeeInvis +   f - +2 dagger (freeze)
rCold   . . .      Faith    .   (shield restricted)
rNeg    . . .      Spirit   .   b - +0 robe
rPois   .          Reflect  .   (helmet restricted)
rElec   .          Harm     .   i - +0 cloak
rCorr   .          Rampage  .   (gloves unavailable)
Will    .....                   (boots unavailable)
Stlth   +++.......              (no amulet)
HPRegen 0.07/turn               (no ring)
MPRegen 0.12/turn               (no ring)

@: studying Armour, very quick
A: very small, no large weapons, unfitting armour, see invisible, speed 3
a: no special abilities


You were on level 3 of the Dungeon.
You visited 1 branch of the dungeon, and saw 3 of its levels.

You collected 101 gold pieces.

Inventory:

Hand Weapons
 a - a +2 dagger
 f - a +2 dagger of freezing (weapon)
 h - a +0 dagger of speed
Missiles
 e - 32 poisoned darts (quivered)
Armour
 b - a +0 robe (worn)
 i - a +0 cloak (worn)
Potions
 c - 2 potions of invisibility
 d - 2 potions of haste


   Skills:
 - Level 1.1 Short Blades
 - Level 2.6 Dodging
 - Level 4.4 Stealth
 + Level 4.6 Spellcasting
 + Level 5.3 Hexes


You had 4 spell levels left.
You knew the following spells:

 Your Spells              Type           Power      Damage    Failure   Level
a - Ensorcelled Hibernat  Hex/Ice        24%        N/A       9%          2
b - Tukima's Dance        Hex            20%        N/A       5%          3
c - Dazzling Flash        Conj/Hex       24%        N/A       16%         3

Your spell library contained the following spells:

 Spells                   Type           Power      Damage    Failure   Level
 Confusing Touch          Hex            20%        N/A       5%          3


Dungeon Overview and Level Annotations

Branches:
Dungeon (3/15)

Altars:
Cheibriados


Innate Abilities, Weirdness & Mutations

You are very small and have problems with some larger weapons.
You are too small for most types of armour.
You have supernaturally acute eyesight. (SInv)
You cover ground extremely quickly. (Speed+++)


Message History

The orc completely misses you.
You are too injured to fight recklessly!
You are too injured to fight recklessly!
You are too injured to fight recklessly!
You are too injured to fight recklessly!
You are too injured to fight recklessly!
Casting: Ensorcelled Hibernation (safe; 9% risk of failure)
Confirm with . or Enter, or press ? or * to list all spells.
Aiming: Ensorcelled Hibernation (safe; 9% risk of failure)
Press: ? - help, Shift-Dir - straight line, f - bat
Aim: a bat (chance to affect: 61%)
The bat looks drowsy...
The orc closely misses you.
An endoplasm comes into view.
The orc hits you with a +0 war axe.
The helpless bat fails to defend itself.
You impale the bat!! You freeze the bat.
You kill the bat!
The orc barely misses you. The orc closely misses you.
Casting: Ensorcelled Hibernation (safe; 9% risk of failure)
Confirm with . or Enter, or press ? or * to list all spells.
Aiming: Ensorcelled Hibernation (safe; 9% risk of failure)
Press: ? - help, Shift-Dir - straight line, f - orc
Aim: an orc, wielding a +0 dagger and wearing a +1 leather armour of fire resistance (chance to affect: 61%)
The orc resists with significant effort.
The orc misses you. The orc completely misses you.
Casting: Ensorcelled Hibernation (safe; 9% risk of failure)
Confirm with . or Enter, or press ? or * to list all spells.
Aiming: Ensorcelled Hibernation (safe; 9% risk of failure)
Press: ? - help, Shift-Dir - straight line, f/p - orc
Aim: an orc, wielding a +0 dagger and wearing a +1 leather armour of fire resistance (chance to affect: 61%)
The orc resists with significant effort.
The endoplasm quivers.
The orc closely misses you. The orc hits you but does no damage.
Casting: Ensorcelled Hibernation (safe; 9% risk of failure)
Confirm with . or Enter, or press ? or * to list all spells.
Aiming: Ensorcelled Hibernation (safe; 9% risk of failure)
Press: ? - help, Shift-Dir - straight line, f/p - orc
Aim: an orc, wielding a +0 dagger and wearing a +1 leather armour of fire resistance (chance to affect: 61%)
The orc looks drowsy...
The orc hits you with a +0 war axe!
You die...

######.###.......(...
####)†............#
#.....#†###........
####+###.#.#
#.......#
#.......)#.#
#.......#
#.....####.#
#########
#..........#
#.#.##..)..###
......[@...#
.....#oo...#
#...........J...
#...#.......###.
....>........
.####......###
........ .....#####


You could see 2 orcs and an endoplasm.

Vanquished Creatures
  An orc priest (D:3)
  An adder (D:3)
  2 worms
  2 dart slugs (D:1)
  2 ball pythons
  4 endoplasms
  A giant cockroach (D:2)
  15 goblins
  3 hobgoblins
  3 jackals
  2 kobolds
  A quokka (D:3)
  2 bats
  4 frilled lizards
  4 rats
47 creatures vanquished.

Vanquished Creatures (collateral kills)
  Robin (D:2)
1 creature vanquished.

Grand Total: 48 creatures vanquished

Notes
Turn   | Place    | Note
-------+----------+-------------------------------------------
     0 | D:1      | dkjbcfkj the Spriggan Enchanter began the quest for the
                  | Orb.
     0 | D:1      | Reached XP level 1. HP: 9/9 MP: 5/5
   400 | D:2      | Found a snail-covered altar of Cheibriados.
   400 | D:2      | Noticed a jelly
   675 | D:2      | Reached skill level 4 in Hexes
   761 | D:1      | Reached XP level 2. HP: 13/13 MP: 7/7
   807 | D:1      | Learned a level 2 spell: Ensorcelled Hibernation
  1583 | D:2      | Reached XP level 3. HP: 16/16 MP: 9/9
  1587 | D:2      | Learned a level 3 spell: Tukima's Dance
  1591 | D:2      | Learned a level 3 spell: Dazzling Flash
  1747 | D:2      | Noticed Robin
  2014 | D:2      | Killed Robin
  2532 | D:3      | Reached skill level 5 in Hexes
  2532 | D:3      | Reached XP level 4. HP: 21/21 MP: 8/11
  2584 | D:3      | Slain by an orc

Illustrated notes

Levels and vault maps discovered:
D:1:      zelgadis_glass_arrival_small, layout_basic
D:2:      minmay_wonky_spiral, layout_basic, basic_altar,
          chequers_serial_rivers_small_b, uniq_robin
D:3:      cheibrodos_pilgrimage, layout_basic,
          hellmonk_ecumenical_altar_arch_garden

Skill      XL: |  1  2  3 |
---------------+----------+-----
Spellcasting   | 3 4 |  4.6
Hexes          | 4 5 |  5.3
Short Blades   | |  1.1
Dodging        | |  2.6
Stealth        | |  4.4

Action                   |  1- 3 |  4- 6 || total
-------------------------+-------+-------++-------
Melee: Dagger            |   119 |    18 ||   137
 Cast: Ensorcelled Hiber |     4 |     6 ||    10
       Tukima's Dance    |     2 |       ||     2
  Use: Scroll            |     4 |       ||     4
       Potion            |       |     1 ||     1
 Stab: Sleeping          |    13 |     2 ||    15
Armor: Robe              |    10 |     5 ||    15
Dodge: Dodged            |    70 |    26 ||    96

Table legend: (Time is in decaauts)
 A = Elapsed time spent in this place.
 B = Non-inter-level travel time spent in this place.
 C = Inter-level travel time spent in this place.
 D = Time resting spent in this place.
 E = Time spent auto-exploring this place.
 F = Levels seen in this place.
 G = Mean time per level.
                   A        B        C        D        E       F      G
               +--------+--------+--------+--------+--------+-----+--------+
         Total |   1896 |   1838 |     58 |    324 |    944 |   3 |  632.0 |
       Dungeon |   1896 |   1838 |     58 |    324 |    944 |   3 |  632.0 |
               +--------+--------+--------+--------+--------+-----+--------+

Top non-repeatable levels by time:
     D:2: 1137 daAuts
     D:1: 658 daAuts
     D:3: 100 daAuts
